Edmonton Oilers vs Winnipeg Jets
(R3)
Created - Sunday, April 2, 2023 at 07:04
Goals
|
| Edmonton Oilers |
1 |
2 |
1 |
4 |
| Winnipeg Jets |
2 |
1 |
0 |
3 |
|
Shots
|
| Edmonton Oilers |
10 |
6 |
14 |
30 |
| Winnipeg Jets |
9 |
4 |
18 |
31 |
|
1st period
1. Winnipeg Jets , Tyler Toffoli 5 (Mathew Barzal 8) at 18:45 (PP)
2. Winnipeg Jets , Nick Suzuki 8 (Andrew Copp 4, Jonathan Marchessault 9) at 19:38
3. Edmonton Oilers , Ryan Getzlaf 6 (Adrian Kempe 10) at 19:42
Penalties :
Boone Jenner (EDM) for Hooking (Minor) at 1:33, John Klingberg (WPG) for Slashing (Minor) at 10:08, Brett Pesce (EDM) for High sticking (Minor) at 18:34
2nd period
4. Winnipeg Jets , Jonathan Marchessault 4 (Nick Suzuki 6, Aaron Ekblad 3) at 0:56
5. Edmonton Oilers , Anthony Duclair 5 (Erik Johnson 4, Ryan Getzlaf 8) at 4:06
6. Edmonton Oilers , Adrian Kempe 8 (Boone Jenner 11) at 4:21 (PP)
Penalties :
Ryan Nugent-Hopkins (WPG) for Hooking (Minor) at 4:13, Kevin Shattenkirk (WPG) for Holding (Minor) at 5:18, Brandon Montour (WPG) for Interference (Minor) at 9:17, Kevin Shattenkirk (WPG) for Hooking (Minor) at 18:42
3rd period
7. Edmonton Oilers , Ryan Getzlaf 7 (Anthony Duclair 13, Duncan Keith 2) at 2:10
Penalties :
Adrian Kempe (EDM) for Delaying the game (Minor) at 4:22, Jonathan Marchessault (WPG) for Hooking (Minor) at 6:47, Jacob Trouba (WPG) for Holding (Minor) at 14:30
Goalie Stats
Juuse Saros (EDM), 28 saves from 31 shots - (0.903), W, 8-4-0, 60:00 minutes
Jake Allen (WPG), 26 saves from 30 shots - (0.867), L, 0-1-0, 59:06 minutes
Players Stats for Edmonton Oilers
Player Name G A P +/- PIM S H SB GA TA FO MP PP MP PK MP
------------------------------------------------------------------------------------
Adrian Kempe 1 1 2 3 2 2 0 1 1 1 0/2 18:55 6:18 0:00
Alex Iafallo 0 0 0 -2 0 0 0 0 1 1 0/0 11:35 0:00 2:16
Anthony Duclair 1 1 2 3 0 3 0 0 0 0 0/0 20:44 7:44 0:00
Boone Jenner 0 1 1 0 2 1 0 1 0 2 14/28 21:25 5:58 1:00
Brandon Carlo 0 0 0 0 0 1 0 3 1 0 0/0 15:16 0:00 1:35
Brett Pesce 0 0 0 1 2 2 0 0 0 0 0/0 21:08 0:00 2:23
Brock Boeser 0 0 0 -2 0 1 1 0 0 1 0/1 13:40 5:44 0:00
Cam Atkinson 0 0 0 0 0 2 0 0 1 1 0/0 18:37 4:18 0:32
Damon Severson 0 0 0 0 0 0 1 2 0 1 0/0 23:20 7:44 1:46
Duncan Keith 0 1 1 0 0 1 0 0 0 0 0/0 14:08 0:00 0:00
Erik Johnson 0 1 1 1 0 0 1 1 0 2 0/0 17:19 0:00 2:34
Evan Bouchard 0 0 0 0 0 1 0 1 0 0 0/0 15:01 4:18 0:00
Jakub Voracek 0 0 0 0 0 3 1 0 1 1 0/1 13:21 5:44 0:00
Jamie Benn 0 0 0 0 0 6 3 0 0 0 1/1 19:17 6:06 0:00
Mikael Backlund 0 0 0 -2 0 1 1 1 0 0 3/5 12:32 0:00 2:16
Paul Stastny 0 0 0 0 0 2 0 0 0 0 0/0 10:40 0:32 0:21
Ryan Getzlaf 2 1 3 3 0 4 0 0 0 0 12/22 18:19 5:44 0:00
Sean Kuraly 0 0 0 0 0 0 2 0 0 0 1/2 10:31 0:00 1:53
Players Stats for Winnipeg Jets
Player Name G A P +/- PIM S H SB GA TA FO MP PP MP PK MP
------------------------------------------------------------------------------------
Aaron Ekblad 0 1 1 0 0 2 2 2 0 2 0/0 24:35 2:25 6:39
Andrew Cogliano 0 0 0 0 0 0 0 0 0 1 1/2 11:20 0:00 5:53
Andrew Copp 0 1 1 2 0 1 1 2 1 0 1/1 16:02 0:00 5:48
Brandon Montour 0 0 0 0 2 2 3 1 1 0 0/0 21:29 2:25 4:24
Connor McDavid 0 0 0 -3 0 4 3 1 2 0 7/18 17:18 2:02 0:00
Dylan Larkin 0 0 0 0 0 2 1 0 1 0 7/14 14:52 2:07 0:00
Eeli Tolvanen 0 0 0 0 0 1 0 0 0 0 1/1 5:15 0:00 0:00
Jacob Trouba 0 0 0 0 2 0 2 1 1 0 0/0 18:35 0:00 4:29
John Klingberg 0 0 0 -1 2 1 2 1 0 0 0/0 16:13 1:44 0:41
Jonathan Marchessault 1 1 2 2 2 2 1 0 0 0 0/0 10:11 0:00 0:00
Kevin Shattenkirk 0 0 0 -1 4 1 1 0 0 0 0/0 18:18 0:00 4:23
Mark Stone 0 0 0 -3 0 2 2 0 0 0 0/2 16:33 2:02 0:21
Mathew Barzal 0 1 1 0 0 0 2 0 1 0 1/2 15:02 2:07 0:07
Nick Suzuki 1 1 2 2 0 2 0 0 1 2 9/14 16:11 0:00 5:53
Pius Suter 0 0 0 0 0 1 1 0 0 0 4/8 11:29 0:00 6:02
Ryan Nugent-Hopkins 0 0 0 -3 2 5 3 0 1 0 0/0 17:17 2:02 0:00
Seth Jones 0 0 0 0 0 1 0 1 0 0 0/0 21:06 1:44 3:28
Tyler Toffoli 1 0 1 0 0 4 0 0 1 0 0/0 16:05 2:07 0:00
3 Stars
1 - Ryan Getzlaf (EDM)
2 - Anthony Duclair (EDM)
3 - Adrian Kempe (EDM)
Power Play
Edmonton Oilers - 1 on 7 Attempt(s) - 14.29%
Winnipeg Jets - 1 on 3 Attempt(s) - 33.33%
Penalty Kill
Edmonton Oilers - 2 on 3 Attempt(s) - 66.67%
- Score 0 goal in Penalty Kill
Winnipeg Jets - 6 on 7 Attempt(s) - 85.71%
- Score 0 goal in Penalty Kill
Team Stat
Edmonton Oilers - Hits : 10 - Faceoff Wins : 31 - Blocked Shots : 10 - Penalty Minutes : 6
Winnipeg Jets - Hits : 24 - Faceoff Wins : 31 - Blocked Shots : 9 - Penalty Minutes : 14
Official
Referees : Brad Watson and Wes McCauley
Linesman : Brad Lazarowich and Jay Sharrers
Game Notes
No Game Note
Finance
Level 1 -- Attendance: 6000 (100.00%) -- Ticket Income $552,000
Level 2 -- Attendance: 4557 (91.14%) -- Ticket Income $250,635
Level 3 -- Attendance: 3000 (100.00%) -- Ticket Income $90,000
Level 4 -- Attendance: 5000 (100.00%) -- Ticket Income $110,000
Luxury Box -- Attendance: 1000 (100.00%) -- Ticket Income $190,000
Game was played at the MTS Centre.
Total Attendance: 19557 (97.79%)
Total Ticket Income: $1,192,635
Other Income: $417,422
Total Income: $1,610,057
Edmonton Oilers
5 vs 5 Forward
Center Left Wing Right Wing Time % Phy DF OF
1 Boone Jenner Jamie Benn Cam Atkinson 35 0 2 3
2 Ryan Getzlaf Anthony Duclair Adrian Kempe 34 0 2 3
3 Mikael Backlund Alex Iafallo Brock Boeser 21 0 2 3
4 Sean Kuraly Paul Stastny Jakub Voracek 10 1 2 2
5 vs 5 Defense
Defense Defense Time % Phy DF OF
1 Damon Severson Brett Pesce 35 0 3 2
2 Duncan Keith Brandon Carlo 31 0 4 1
3 Erik Johnson Evan Bouchard 22 1 2 2
4 Erik Johnson Brett Pesce 12 1 4 0
PowerPlay Forward
Center Left Wing Right Wing Time % Phy DF OF
1 Boone Jenner Jamie Benn Adrian Kempe 60 0 0 5
2 Ryan Getzlaf Jakub Voracek Brock Boeser 40 0 0 5
PowerPlay Defense
Defense Defense Time % Phy DF OF
1 Damon Severson Anthony Duclair 60 0 1 4
2 Evan Bouchard Cam Atkinson 40 0 1 4
Penalty Kill 4 Players Forward
Center Wing Time % Phy DF OF
1 Boone Jenner Sean Kuraly 50 1 4 0
2 Mikael Backlund Alex Iafallo 50 1 4 0
Penalty Kill 4 Players Defense
Defense Defense Time % Phy DF OF
1 Erik Johnson Brett Pesce 60 1 4 0
2 Damon Severson Brandon Carlo 40 1 4 0
Penalty Kill - 3 Players Forward
Forward Time % Phy DF OF
1 Boone Jenner 50 0 5 0
2 Mikael Backlund 50 0 5 0
Penalty Kill - 3 Players Defense
Defense Defense Time % Phy DF OF
1 Erik Johnson Brett Pesce 50 1 4 0
2 Damon Severson Brandon Carlo 50 1 4 0
4 vs 4 Forward
Center Wing Time % Phy DF OF
1 Jamie Benn Adrian Kempe 57 0 2 3
2 Mikael Backlund Anthony Duclair 43 0 2 3
4 vs 4 Defense
Defense Defense Time % Phy DF OF
1 Damon Severson Brett Pesce 56 0 3 2
2 Evan Bouchard Brandon Carlo 44 0 2 3
Last Minutes Offensive
Center Left Wing Right Wing Defense Defense
Boone Jenner Jamie Benn Adrian Kempe Damon Severson Evan Bouchard
Last Minutes Defensive
Center Left Wing Right Wing Defense Defense
Boone Jenner Sean Kuraly Mikael Backlund Erik Johnson Brett Pesce
Goaltenders
Starting : Juuse Saros
Backup : Matt Murray
Extra Forwards
Normal : Adrian Kempe, Brock Boeser, Paul Stastny - PP : Jakub Voracek, Paul Stastny - PK : Cam Atkinson
Extra Defensemen
Normal : Duncan Keith, Evan Bouchard, Damon Severson - PP : Duncan Keith - PK : Damon Severson, Duncan Keith
Penalty Shots
Boone Jenner, Anthony Duclair, Adrian Kempe, Cam Atkinson, Jakub Voracek
Winnipeg Jets
5 vs 5 Forward
Center Left Wing Right Wing Time % Phy DF OF
1 Connor McDavid Ryan Nugent-Hopkins Mark Stone 30 1 1 3
2 Dylan Larkin Mathew Barzal Tyler Toffoli 30 1 1 3
3 Nick Suzuki Jonathan Marchessault Andrew Copp 25 1 2 2
4 Pius Suter Andrew Cogliano Eeli Tolvanen 15 1 2 2
5 vs 5 Defense
Defense Defense Time % Phy DF OF
1 Aaron Ekblad Seth Jones 35 1 2 2
2 Brandon Montour Jacob Trouba 35 1 2 2
3 Kevin Shattenkirk John Klingberg 30 1 2 2
4 Seth Jones Brandon Montour 0 1 2 2
PowerPlay Forward
Center Left Wing Right Wing Time % Phy DF OF
1 Connor McDavid Ryan Nugent-Hopkins Mark Stone 50 1 0 4
2 Dylan Larkin Mathew Barzal Tyler Toffoli 50 1 1 3
PowerPlay Defense
Defense Defense Time % Phy DF OF
1 Aaron Ekblad Brandon Montour 50 1 1 3
2 John Klingberg Seth Jones 50 1 2 2
Penalty Kill 4 Players Forward
Center Wing Time % Phy DF OF
1 Pius Suter Andrew Cogliano 50 1 3 1
2 Nick Suzuki Andrew Copp 50 1 3 1
Penalty Kill 4 Players Defense
Defense Defense Time % Phy DF OF
1 Aaron Ekblad Kevin Shattenkirk 50 1 3 1
2 Jacob Trouba Brandon Montour 50 1 3 1
Penalty Kill - 3 Players Forward
Forward Time % Phy DF OF
1 Pius Suter 50 1 2 2
2 Andrew Copp 50 1 2 2
Penalty Kill - 3 Players Defense
Defense Defense Time % Phy DF OF
1 Aaron Ekblad Kevin Shattenkirk 50 1 2 2
2 Jacob Trouba Seth Jones 50 1 2 2
4 vs 4 Forward
Center Wing Time % Phy DF OF
1 Nick Suzuki Mark Stone 50 1 2 2
2 Connor McDavid Jonathan Marchessault 50 1 2 2
4 vs 4 Defense
Defense Defense Time % Phy DF OF
1 John Klingberg Jacob Trouba 50 1 2 2
2 Kevin Shattenkirk Aaron Ekblad 50 1 2 2
Last Minutes Offensive
Center Left Wing Right Wing Defense Defense
Connor McDavid Ryan Nugent-Hopkins Tyler Toffoli Aaron Ekblad Brandon Montour
Last Minutes Defensive
Center Left Wing Right Wing Defense Defense
Pius Suter Andrew Cogliano Andrew Copp Kevin Shattenkirk Jacob Trouba
Goaltenders
Starting : Jake Allen
Backup : Connor Hellebuyck
Extra Forwards
Normal : Jonathan Marchessault, Mathew Barzal, Eeli Tolvanen - PP : Jonathan Marchessault, Nick Suzuki - PK : Mark Stone
Extra Defensemen
Normal : John Klingberg, Brandon Montour, Seth Jones - PP : Jacob Trouba - PK : Seth Jones, John Klingberg
Penalty Shots
Connor McDavid, Ryan Nugent-Hopkins, Dylan Larkin, Nick Suzuki, Andrew Copp
% Time on Ice - Edmonton Oilers
Lines # - Real PCT - Wanted PCT - Time Play
Normal Forward
1 - 31% - 35% - 13:11
2 - 31% - 34% - 13:18
3 - 20% - 21% - 8:42
4 - 17% - 10% - 7:24
Normal Defense
1 - 35% - 35% - 15:02
2 - 34% - 31% - 14:25
3 - 22% - 22% - 9:31
4 - 8% - 12% - 3:37
PP Forward
1 - 52% - 60% - 6:18
2 - 48% - 40% - 5:44
PP Defense
1 - 64% - 60% - 7:44
2 - 36% - 40% - 4:18
PK Forward
1 - 45% - 50% - 1:53
2 - 55% - 50% - 2:16
PK Defense
1 - 62% - 60% - 2:34
2 - 38% - 40% - 1:35
PK3 Forward
1 - 0% - 50%
2 - 0% - 50%
PK3 Defense
1 - 0% - 50%
2 - 0% - 50%
44 Forward
1 - 0% - 57%
2 - 0% - 43%
44 Defense
1 - 0% - 56%
2 - 0% - 44%
Last Minute Offensive - 0:00
Last Minute Defensive - 1:14
Total
Forward - 60:00
Defense - 60:00
|
% Time on Ice - Winnipeg Jets
Lines # - Real PCT - Wanted PCT - Time Play
Normal Forward
1 - 33% - 30% - 14:15
2 - 30% - 30% - 12:56
3 - 24% - 25% - 10:10
4 - 12% - 15% - 5:15
Normal Defense
1 - 36% - 35% - 15:22
2 - 35% - 35% - 14:42
3 - 28% - 30% - 11:53
4 - 2% - 0% - 0:39
PP Forward
1 - 49% - 50% - 2:02
2 - 51% - 50% - 2:07
PP Defense
1 - 58% - 50% - 2:25
2 - 42% - 50% - 1:44
PK Forward
1 - 50% - 50% - 6:02
2 - 50% - 50% - 6:00
PK Defense
1 - 55% - 50% - 6:39
2 - 45% - 50% - 5:23
PK3 Forward
1 - 0% - 50%
2 - 0% - 50%
PK3 Defense
1 - 0% - 50%
2 - 0% - 50%
44 Forward
1 - 0% - 50%
2 - 0% - 50%
44 Defense
1 - 0% - 50%
2 - 0% - 50%
Last Minute Offensive - 1:13
Last Minute Defensive - 0:00
Total
Forward - 60:00
Defense - 60:00
|
Play-by-Play
1st period
0:01 of 1st period - Boone Jenner wins face-off versus Connor McDavid in neutral zone.
0:10 of 1st period - Backhand shot by Connor McDavid.
0:10 of 1st period - Deflect By Ryan Nugent-Hopkins.
0:10 of 1st period - Stopped by Juuse Saros without a rebound.
0:11 of 1st period - Ryan Getzlaf wins face-off versus Dylan Larkin in Edmonton Oilers zone.
0:39 of 1st period - Brock Boeser is hit by Jacob Trouba and loses puck.
0:52 of 1st period - Slapshot by Alex Iafallo.
0:52 of 1st period - Shot Misses the Net.
1:12 of 1st period - Snap shot by Eeli Tolvanen.
1:12 of 1st period - Stopped by Juuse Saros with a rebound.
1:31 of 1st period - Backhand shot by Pius Suter.
1:31 of 1st period - Shot Blocked by Evan Bouchard.
1:33 of 1st period - Minor Penalty to Boone Jenner for Hooking.
1:34 of 1st period - Mikael Backlund wins face-off versus Connor McDavid in Edmonton Oilers zone.
3:33 of 1st period - Penalty to Boone Jenner is over, Boone Jenner is back on ice.
3:40 of 1st period - Snap shot by Alex Iafallo.
3:40 of 1st period - Shot Misses the Net.
3:42 of 1st period - Slapshot by Evan Bouchard.
3:42 of 1st period - Shot Blocked by John Klingberg.
4:29 of 1st period - Brett Pesce is hit by Connor McDavid and loses puck.
4:46 of 1st period - Snap shot by Anthony Duclair.
4:46 of 1st period - Stopped by Jake Allen with a rebound.
6:15 of 1st period - Brandon Carlo is hit by Ryan Nugent-Hopkins and loses puck.
6:41 of 1st period - Snap shot by Cam Atkinson.
6:41 of 1st period - Shot Blocked by Aaron Ekblad.
7:58 of 1st period - Alex Iafallo is hit by Brandon Montour.
8:04 of 1st period - Snap shot by Brock Boeser.
8:04 of 1st period - Shot Misses the Net.
8:06 of 1st period - Slapshot by Brett Pesce.
8:06 of 1st period - Shot Blocked by Brandon Montour.
8:08 of 1st period - Wrist shot by Brett Pesce.
8:08 of 1st period - Shot Misses the Net.
8:10 of 1st period - Slapshot by Mikael Backlund.
8:10 of 1st period - Shot Misses the Net.
8:28 of 1st period - Snap shot by Connor McDavid.
8:28 of 1st period - Stopped by Juuse Saros without a rebound.
8:29 of 1st period - Connor McDavid wins face-off versus Ryan Getzlaf in Edmonton Oilers zone.
8:56 of 1st period - Kevin Shattenkirk is hit by Jamie Benn and loses puck.
9:05 of 1st period - Snap shot by Jamie Benn.
9:05 of 1st period - Stopped by Jake Allen without a rebound.
9:06 of 1st period - Dylan Larkin wins face-off versus Ryan Getzlaf in Winnipeg Jets zone.
9:08 of 1st period - Icing by Mathew Barzal.
9:09 of 1st period - Ryan Getzlaf wins face-off versus Dylan Larkin in Winnipeg Jets zone.
9:14 of 1st period - Snap shot by Adrian Kempe.
9:14 of 1st period - Shot Blocked by Seth Jones.
9:33 of 1st period - Icing by Erik Johnson.
9:34 of 1st period - Connor McDavid wins face-off versus Boone Jenner in Edmonton Oilers zone.
9:49 of 1st period - Snap shot by Mark Stone.
9:49 of 1st period - Stopped by Juuse Saros without a rebound.
9:50 of 1st period - Dylan Larkin wins face-off versus Mikael Backlund in Edmonton Oilers zone.
10:08 of 1st period - Minor Penalty to John Klingberg for Slashing.
10:09 of 1st period - Pius Suter wins face-off versus Boone Jenner in Winnipeg Jets zone.
10:14 of 1st period - Slapshot by Aaron Ekblad.
10:14 of 1st period - Stopped by Juuse Saros with a rebound.
10:36 of 1st period - Andrew Copp is hit by Brock Boeser and loses puck.
12:08 of 1st period - Penalty to John Klingberg is over, John Klingberg is back on ice.
12:19 of 1st period - Snap shot by Mathew Barzal.
12:19 of 1st period - Shot Misses the Net.
12:37 of 1st period - Sean Kuraly is hit by Connor McDavid and loses puck.
12:44 of 1st period - Snap shot by Ryan Nugent-Hopkins.
12:44 of 1st period - Stopped by Juuse Saros without a rebound.
12:45 of 1st period - Connor McDavid wins face-off versus Mikael Backlund in Edmonton Oilers zone.
13:31 of 1st period - Slapshot by Jamie Benn.
13:31 of 1st period - Shot Misses the Net.
14:05 of 1st period - Duncan Keith is hit by Mathew Barzal.
15:04 of 1st period - Brandon Montour is hit by Jakub Voracek and loses puck.
16:20 of 1st period - Snap shot by Nick Suzuki.
16:20 of 1st period - Shot Misses the Net.
16:41 of 1st period - Wrist shot by Jamie Benn.
16:41 of 1st period - Stopped by Jake Allen with a rebound.
16:43 of 1st period - Slapshot by Brandon Carlo.
16:43 of 1st period - Stopped by Jake Allen with a rebound.
16:49 of 1st period - Snap shot by Jamie Benn.
16:49 of 1st period - Stopped by Jake Allen with a rebound.
16:51 of 1st period - Slapshot by Brett Pesce.
16:51 of 1st period - Stopped by Jake Allen without a rebound.
16:52 of 1st period - Ryan Getzlaf wins face-off versus Mark Stone in Winnipeg Jets zone.
17:17 of 1st period - Connor McDavid is hit by Sean Kuraly and loses puck.
17:40 of 1st period - Snap shot by Connor McDavid.
17:40 of 1st period - Stopped by Juuse Saros without a rebound.
17:41 of 1st period - Boone Jenner wins face-off versus Nick Suzuki in Edmonton Oilers zone.
17:41 of 1st period - Boone Jenner is hit by Kevin Shattenkirk.
17:54 of 1st period - Off-side.
17:55 of 1st period - Ryan Getzlaf wins face-off versus Mathew Barzal in neutral zone.
18:22 of 1st period - Brandon Carlo is hit by Jonathan Marchessault and loses puck.
18:34 of 1st period - Minor Penalty to Brett Pesce for High sticking.
18:35 of 1st period - Boone Jenner wins face-off versus Dylan Larkin in Edmonton Oilers zone.
18:45 of 1st period - Snap shot by Tyler Toffoli.
18:45 of 1st period - Goal by Tyler Toffoli - Edmonton Oilers : 0 - Winnipeg Jets : 1.
18:46 of 1st period - Ryan Getzlaf wins face-off versus Connor McDavid in neutral zone.
18:53 of 1st period - Snap shot by Ryan Getzlaf.
18:53 of 1st period - Shot Misses the Net.
18:55 of 1st period - Snap shot by Adrian Kempe.
18:55 of 1st period - Shot Misses the Net.
19:11 of 1st period - Cam Atkinson is hit by Mathew Barzal and loses puck.
19:38 of 1st period - Wrist shot by Nick Suzuki.
19:38 of 1st period - Goal by Nick Suzuki - Edmonton Oilers : 0 - Winnipeg Jets : 2.
19:39 of 1st period - Ryan Getzlaf wins face-off versus Connor McDavid in neutral zone.
19:42 of 1st period - Wrist shot by Ryan Getzlaf.
19:42 of 1st period - Goal by Ryan Getzlaf - Edmonton Oilers : 1 - Winnipeg Jets : 2.
19:43 of 1st period - Ryan Getzlaf wins face-off versus Connor McDavid in neutral zone.
19:50 of 1st period - Snap shot by Adrian Kempe.
19:50 of 1st period - Shot Misses the Net.
19:52 of 1st period - Slapshot by Brett Pesce.
19:52 of 1st period - Deflect By Ryan Getzlaf.
19:52 of 1st period - Stopped by Jake Allen with a rebound.
19:56 of 1st period - Wrist shot by Ryan Getzlaf.
19:56 of 1st period - Deflect By Adrian Kempe.
19:56 of 1st period - Stopped by Jake Allen with a rebound.
19:58 of 1st period - Snap shot by Ryan Getzlaf.
19:58 of 1st period - Stopped by Jake Allen without a rebound.
19:59 of 1st period - Dylan Larkin wins face-off versus Boone Jenner in Winnipeg Jets zone.
Goals for this period are 1 for Edmonton Oilers vs 2 for Winnipeg Jets.
Shots for this period are 10 for Edmonton Oilers vs 9 for Winnipeg Jets.
2nd period
0:01 of 2nd period - Jamie Benn wins face-off versus Dylan Larkin in neutral zone.
0:54 of 2nd period - Snap shot by Nick Suzuki.
0:54 of 2nd period - Shot Misses the Net.
0:56 of 2nd period - Snap shot by Jonathan Marchessault.
0:56 of 2nd period - Goal by Jonathan Marchessault - Edmonton Oilers : 1 - Winnipeg Jets : 3.
0:57 of 2nd period - Boone Jenner wins face-off versus Dylan Larkin in neutral zone.
1:08 of 2nd period - Slapshot by Mathew Barzal.
1:08 of 2nd period - Shot Misses the Net.
1:24 of 2nd period - Anthony Duclair is hit by Connor McDavid and loses puck.
1:33 of 2nd period - Snap shot by Adrian Kempe.
1:33 of 2nd period - Shot Blocked by Jacob Trouba.
2:56 of 2nd period - Snap shot by Brock Boeser.
2:56 of 2nd period - Shot Blocked by Aaron Ekblad.
2:58 of 2nd period - Slapshot by Duncan Keith.
2:58 of 2nd period - Stopped by Jake Allen with a rebound.
3:00 of 2nd period - Wrist shot by Mikael Backlund.
3:00 of 2nd period - Shot Misses the Net.
3:02 of 2nd period - Wrist shot by Mikael Backlund.
3:02 of 2nd period - Deflect By Alex Iafallo.
3:02 of 2nd period - Shot Misses the Net.
3:02 of 2nd period - Puck is out of play.
3:03 of 2nd period - Nick Suzuki wins face-off versus Boone Jenner in Winnipeg Jets zone.
3:08 of 2nd period - Slapshot by Aaron Ekblad.
3:08 of 2nd period - Deflect By Nick Suzuki.
3:08 of 2nd period - Stopped by Juuse Saros without a rebound.
3:09 of 2nd period - Nick Suzuki wins face-off versus Boone Jenner in Edmonton Oilers zone.
3:12 of 2nd period - Snap shot by Jonathan Marchessault.
3:12 of 2nd period - Shot Misses the Net.
3:53 of 2nd period - Wrist shot by Boone Jenner.
3:53 of 2nd period - Stopped by Jake Allen with a rebound.
4:00 of 2nd period - Off-side.
4:01 of 2nd period - Ryan Getzlaf wins face-off versus Connor McDavid in neutral zone.
4:06 of 2nd period - Wrist shot by Anthony Duclair.
4:06 of 2nd period - Goal by Anthony Duclair - Edmonton Oilers : 2 - Winnipeg Jets : 3.
4:07 of 2nd period - Ryan Getzlaf wins face-off versus Connor McDavid in neutral zone.
4:13 of 2nd period - Minor Penalty to Ryan Nugent-Hopkins for Hooking.
4:14 of 2nd period - Boone Jenner wins face-off versus Pius Suter in Winnipeg Jets zone.
4:19 of 2nd period - Snap shot by Adrian Kempe.
4:19 of 2nd period - Shot Misses the Net.
4:21 of 2nd period - Wrist shot by Adrian Kempe.
4:21 of 2nd period - Goal by Adrian Kempe - Edmonton Oilers : 3 - Winnipeg Jets : 3.
4:22 of 2nd period - Dylan Larkin wins face-off versus Ryan Getzlaf in neutral zone.
4:48 of 2nd period - Jacob Trouba is hit by Mikael Backlund and loses puck.
4:55 of 2nd period - Backhand shot by Ryan Nugent-Hopkins.
4:55 of 2nd period - Stopped by Juuse Saros with a rebound.
4:57 of 2nd period - Snap shot by Mark Stone.
4:57 of 2nd period - Stopped by Juuse Saros with a rebound.
4:59 of 2nd period - Slapshot by Kevin Shattenkirk.
4:59 of 2nd period - Deflect By Ryan Nugent-Hopkins.
4:59 of 2nd period - Shot Blocked by Damon Severson.
4:59 of 2nd period - Puck is out of play.
5:00 of 2nd period - Eeli Tolvanen wins face-off versus Ryan Getzlaf in Edmonton Oilers zone.
5:18 of 2nd period - Minor Penalty to Kevin Shattenkirk for Holding.
5:19 of 2nd period - Nick Suzuki wins face-off versus Boone Jenner in Winnipeg Jets zone.
7:18 of 2nd period - Penalty to Kevin Shattenkirk is over, Kevin Shattenkirk is back on ice.
7:27 of 2nd period - Off-side.
7:28 of 2nd period - Mikael Backlund wins face-off versus Dylan Larkin in neutral zone.
7:35 of 2nd period - Snap shot by Mikael Backlund.
7:35 of 2nd period - Stopped by Jake Allen with a rebound.
7:55 of 2nd period - Dylan Larkin is hit by Erik Johnson and loses puck.
8:18 of 2nd period - Wrist shot by Mathew Barzal.
8:18 of 2nd period - Deflect By Dylan Larkin.
8:18 of 2nd period - Shot Blocked by Erik Johnson.
8:18 of 2nd period - Puck is out of play.
8:19 of 2nd period - Connor McDavid wins face-off versus Boone Jenner in Edmonton Oilers zone.
8:26 of 2nd period - Snap shot by Connor McDavid.
8:26 of 2nd period - Deflect By Ryan Nugent-Hopkins.
8:26 of 2nd period - Shot Misses the Net.
8:26 of 2nd period - Puck is out of play.
8:27 of 2nd period - Connor McDavid wins face-off versus Boone Jenner in Edmonton Oilers zone.
9:17 of 2nd period - Minor Penalty to Brandon Montour for Interference.
9:18 of 2nd period - Ryan Getzlaf wins face-off versus Pius Suter in Winnipeg Jets zone.
9:21 of 2nd period - Snap shot by Brock Boeser.
9:21 of 2nd period - Shot Misses the Net.
9:45 of 2nd period - Kevin Shattenkirk is hit by Jamie Benn and loses puck.
11:17 of 2nd period - Penalty to Brandon Montour is over, Brandon Montour is back on ice.
12:30 of 2nd period - Brandon Carlo is hit by John Klingberg and loses puck.
13:22 of 2nd period - Snap shot by Aaron Ekblad.
13:22 of 2nd period - Shot Blocked by Boone Jenner.
14:54 of 2nd period - Duncan Keith is hit by Pius Suter and loses puck.
15:42 of 2nd period - Cam Atkinson is hit by Brandon Montour and loses puck.
16:01 of 2nd period - Brett Pesce is hit by Aaron Ekblad and loses puck.
16:54 of 2nd period - Snap shot by Kevin Shattenkirk.
16:54 of 2nd period - Shot Misses the Net.
18:00 of 2nd period - Alex Iafallo is hit by Aaron Ekblad and loses puck.
18:27 of 2nd period - Snap shot by Jamie Benn.
18:27 of 2nd period - Stopped by Jake Allen with a rebound.
18:39 of 2nd period - Slapshot by Brett Pesce.
18:39 of 2nd period - Deflect By Jakub Voracek.
18:39 of 2nd period - Shot Misses the Net.
18:39 of 2nd period - Puck is out of play.
18:40 of 2nd period - Pius Suter wins face-off versus Jakub Voracek in Winnipeg Jets zone.
18:42 of 2nd period - Minor Penalty to Kevin Shattenkirk for Hooking.
18:43 of 2nd period - Boone Jenner wins face-off versus Andrew Cogliano in Winnipeg Jets zone.
18:53 of 2nd period - Snap shot by Adrian Kempe.
18:53 of 2nd period - Shot Misses the Net.
19:09 of 2nd period - Jakub Voracek is hit by Brandon Montour and loses puck.
Goals for this period are 2 for Edmonton Oilers vs 1 for Winnipeg Jets.
Shots for this period are 6 for Edmonton Oilers vs 4 for Winnipeg Jets.
3rd period
0:01 of 3rd period - Boone Jenner wins face-off versus Pius Suter in neutral zone.
0:04 of 3rd period - Snap shot by Jamie Benn.
0:04 of 3rd period - Shot Misses the Net.
0:42 of 3rd period - Penalty to Kevin Shattenkirk is over, Kevin Shattenkirk is back on ice.
1:10 of 3rd period - Wrist shot by Paul Stastny.
1:10 of 3rd period - Stopped by Jake Allen without a rebound.
1:11 of 3rd period - Sean Kuraly wins face-off versus Nick Suzuki in Winnipeg Jets zone.
1:14 of 3rd period - Wrist shot by Jakub Voracek.
1:14 of 3rd period - Stopped by Jake Allen without a rebound.
1:15 of 3rd period - Andrew Copp wins face-off versus Sean Kuraly in Winnipeg Jets zone.
1:15 of 3rd period - Andrew Copp is hit by Sean Kuraly.
1:48 of 3rd period - Slapshot by Dylan Larkin.
1:48 of 3rd period - Shot Misses the Net.
2:06 of 3rd period - Snap shot by Ryan Getzlaf.
2:06 of 3rd period - Shot Misses the Net.
2:08 of 3rd period - Snap shot by Duncan Keith.
2:08 of 3rd period - Shot Blocked by Connor McDavid.
2:10 of 3rd period - Wrist shot by Anthony Duclair.
2:10 of 3rd period - Deflect By Ryan Getzlaf.
2:10 of 3rd period - Goal by Ryan Getzlaf - Edmonton Oilers : 4 - Winnipeg Jets : 3.
2:11 of 3rd period - Nick Suzuki wins face-off versus Ryan Getzlaf in neutral zone.
2:14 of 3rd period - Damon Severson is hit by Andrew Copp and loses puck.
2:25 of 3rd period - Wrist shot by Jonathan Marchessault.
2:25 of 3rd period - Stopped by Juuse Saros without a rebound.
2:26 of 3rd period - Boone Jenner wins face-off versus Connor McDavid in Edmonton Oilers zone.
2:57 of 3rd period - Off-side.
2:58 of 3rd period - Ryan Getzlaf wins face-off versus Dylan Larkin in neutral zone.
3:53 of 3rd period - Connor McDavid is hit by Jamie Benn and loses puck.
3:58 of 3rd period - Slapshot by Jamie Benn.
3:58 of 3rd period - Stopped by Jake Allen without a rebound.
3:59 of 3rd period - Mathew Barzal wins face-off versus Ryan Getzlaf in Winnipeg Jets zone.
4:04 of 3rd period - Snap shot by Tyler Toffoli.
4:04 of 3rd period - Stopped by Juuse Saros with a rebound.
4:06 of 3rd period - Wrist shot by Dylan Larkin.
4:06 of 3rd period - Shot Blocked by Adrian Kempe.
4:08 of 3rd period - Slapshot by Brandon Montour.
4:08 of 3rd period - Stopped by Juuse Saros with a rebound.
4:14 of 3rd period - Backhand shot by Mathew Barzal.
4:14 of 3rd period - Shot Misses the Net.
4:16 of 3rd period - Slapshot by Jacob Trouba.
4:16 of 3rd period - Shot Blocked by Damon Severson.
4:22 of 3rd period - Minor Penalty to Adrian Kempe for Delaying the game.
4:23 of 3rd period - Boone Jenner wins face-off versus Mark Stone in Edmonton Oilers zone.
4:34 of 3rd period - Wrist shot by Connor McDavid.
4:34 of 3rd period - Shot Misses the Net.
5:24 of 3rd period - Mathew Barzal is hit by Damon Severson and loses puck.
6:06 of 3rd period - Boone Jenner is hit by Mark Stone and loses puck.
6:22 of 3rd period - Penalty to Adrian Kempe is over, Adrian Kempe is back on ice.
6:35 of 3rd period - Wrist shot by Anthony Duclair.
6:35 of 3rd period - Shot Hit the Post.
6:37 of 3rd period - Snap shot by Ryan Getzlaf.
6:37 of 3rd period - Shot Misses the Net.
6:39 of 3rd period - Snap shot by Ryan Getzlaf.
6:39 of 3rd period - Shot Misses the Net.
6:41 of 3rd period - Slapshot by Brett Pesce.
6:41 of 3rd period - Deflect By John Klingberg.
6:41 of 3rd period - Stopped by Jake Allen with a rebound.
6:47 of 3rd period - Minor Penalty to Jonathan Marchessault for Hooking.
6:48 of 3rd period - Nick Suzuki wins face-off versus Boone Jenner in Winnipeg Jets zone.
7:03 of 3rd period - Wrist shot by Boone Jenner.
7:03 of 3rd period - Deflect By Pius Suter.
7:03 of 3rd period - Shot Misses the Net.
7:03 of 3rd period - Puck is out of play.
7:04 of 3rd period - Nick Suzuki wins face-off versus Ryan Getzlaf in Winnipeg Jets zone.
7:18 of 3rd period - Icing by Anthony Duclair.
7:19 of 3rd period - Nick Suzuki wins face-off versus Brock Boeser in Edmonton Oilers zone.
7:44 of 3rd period - Wrist shot by Jakub Voracek.
7:44 of 3rd period - Stopped by Jake Allen without a rebound.
7:45 of 3rd period - Boone Jenner wins face-off versus Nick Suzuki in Winnipeg Jets zone.
8:47 of 3rd period - Penalty to Jonathan Marchessault is over, Jonathan Marchessault is back on ice.
9:01 of 3rd period - Damon Severson is hit by Jacob Trouba and loses puck.
9:31 of 3rd period - Wrist shot by Andrew Copp.
9:31 of 3rd period - Shot Misses the Net.
9:33 of 3rd period - Slapshot by Nick Suzuki.
9:33 of 3rd period - Deflect By Andrew Copp.
9:33 of 3rd period - Stopped by Juuse Saros with a rebound.
9:35 of 3rd period - Slapshot by Brandon Montour.
9:35 of 3rd period - Stopped by Juuse Saros without a rebound.
9:36 of 3rd period - Mikael Backlund wins face-off versus Connor McDavid in Edmonton Oilers zone.
9:36 of 3rd period - Mikael Backlund is hit by Ryan Nugent-Hopkins.
9:42 of 3rd period - Slapshot by Evan Bouchard.
9:42 of 3rd period - Stopped by Jake Allen with a rebound.
9:44 of 3rd period - Slapshot by Evan Bouchard.
9:44 of 3rd period - Shot Misses the Net.
9:54 of 3rd period - Jamie Benn is hit by Dylan Larkin and loses puck.
10:03 of 3rd period - Slapshot by Evan Bouchard.
10:03 of 3rd period - Deflect By Cam Atkinson.
10:03 of 3rd period - Stopped by Jake Allen with a rebound.
10:41 of 3rd period - Wrist shot by Connor McDavid.
10:41 of 3rd period - Shot Misses the Net.
10:43 of 3rd period - Slapshot by Kevin Shattenkirk.
10:43 of 3rd period - Stopped by Juuse Saros with a rebound.
10:51 of 3rd period - Paul Stastny is hit by John Klingberg and loses puck.
11:32 of 3rd period - Snap shot by Eeli Tolvanen.
11:32 of 3rd period - Shot Misses the Net.
11:34 of 3rd period - Snap shot by Pius Suter.
11:34 of 3rd period - Stopped by Juuse Saros without a rebound.
11:35 of 3rd period - Connor McDavid wins face-off versus Boone Jenner in Edmonton Oilers zone.
11:42 of 3rd period - Wrist shot by Connor McDavid.
11:42 of 3rd period - Deflect By Ryan Nugent-Hopkins.
11:42 of 3rd period - Shot Misses the Net.
11:42 of 3rd period - Puck is out of play.
11:43 of 3rd period - Boone Jenner wins face-off versus Connor McDavid in Edmonton Oilers zone.
11:48 of 3rd period - Wrist shot by Connor McDavid.
11:48 of 3rd period - Stopped by Juuse Saros with a rebound.
12:08 of 3rd period - Slapshot by Ryan Nugent-Hopkins.
12:08 of 3rd period - Stopped by Juuse Saros with a rebound.
12:10 of 3rd period - Slapshot by Jacob Trouba.
12:10 of 3rd period - Shot Blocked by Brandon Carlo.
12:12 of 3rd period - Slapshot by Brandon Montour.
12:12 of 3rd period - Shot Misses the Net.
12:14 of 3rd period - Slapshot by Brandon Montour.
12:14 of 3rd period - Deflect By Mark Stone.
12:14 of 3rd period - Shot Misses the Net.
12:14 of 3rd period - Puck is out of play.
12:15 of 3rd period - Dylan Larkin wins face-off versus Adrian Kempe in Edmonton Oilers zone.
12:16 of 3rd period - Wrist shot by Tyler Toffoli.
12:16 of 3rd period - Shot Misses the Net.
12:18 of 3rd period - Slapshot by Aaron Ekblad.
12:18 of 3rd period - Shot Hit the Post.
12:20 of 3rd period - Snap shot by Seth Jones.
12:20 of 3rd period - Deflect By Tyler Toffoli.
12:20 of 3rd period - Shot Misses the Net.
12:20 of 3rd period - Puck is out of play.
12:21 of 3rd period - Dylan Larkin wins face-off versus Adrian Kempe in Edmonton Oilers zone.
12:28 of 3rd period - Snap shot by Dylan Larkin.
12:28 of 3rd period - Stopped by Juuse Saros with a rebound.
12:30 of 3rd period - Slapshot by Tyler Toffoli.
12:30 of 3rd period - Stopped by Juuse Saros with a rebound.
12:32 of 3rd period - Slapshot by Aaron Ekblad.
12:32 of 3rd period - Stopped by Juuse Saros with a rebound.
12:34 of 3rd period - Snap shot by Tyler Toffoli.
12:34 of 3rd period - Deflect By Dylan Larkin.
12:34 of 3rd period - Stopped by Juuse Saros without a rebound.
12:35 of 3rd period - Boone Jenner wins face-off versus Nick Suzuki in Edmonton Oilers zone.
12:46 of 3rd period - Wrist shot by Cam Atkinson.
12:46 of 3rd period - Stopped by Jake Allen without a rebound.
12:47 of 3rd period - Dylan Larkin wins face-off versus Ryan Getzlaf in Winnipeg Jets zone.
13:13 of 3rd period - Boone Jenner is hit by Ryan Nugent-Hopkins and loses puck.
13:46 of 3rd period - Snap shot by Jakub Voracek.
13:46 of 3rd period - Deflect By Paul Stastny.
13:46 of 3rd period - Stopped by Jake Allen with a rebound.
13:52 of 3rd period - Brandon Carlo is hit by Mark Stone and loses puck.
14:03 of 3rd period - Backhand shot by Ryan Nugent-Hopkins.
14:03 of 3rd period - Shot Misses the Net.
14:05 of 3rd period - Wrist shot by Mark Stone.
14:05 of 3rd period - Shot Blocked by Brandon Carlo.
14:07 of 3rd period - Slapshot by Aaron Ekblad.
14:07 of 3rd period - Shot Misses the Net.
14:09 of 3rd period - Wrist shot by Seth Jones.
14:09 of 3rd period - Shot Blocked by Brandon Carlo.
14:11 of 3rd period - Wrist shot by Seth Jones.
14:11 of 3rd period - Stopped by Juuse Saros with a rebound.
14:13 of 3rd period - Wrist shot by Ryan Nugent-Hopkins.
14:13 of 3rd period - Deflect By Paul Stastny.
14:13 of 3rd period - Shot Misses the Net.
14:13 of 3rd period - Puck is out of play.
14:14 of 3rd period - Nick Suzuki wins face-off versus Ryan Getzlaf in Edmonton Oilers zone.
14:30 of 3rd period - Minor Penalty to Jacob Trouba for Holding.
14:31 of 3rd period - Nick Suzuki wins face-off versus Boone Jenner in Winnipeg Jets zone.
14:39 of 3rd period - Slapshot by Anthony Duclair.
14:39 of 3rd period - Deflect By Brandon Montour.
14:39 of 3rd period - Stopped by Jake Allen without a rebound.
14:40 of 3rd period - Pius Suter wins face-off versus Boone Jenner in Winnipeg Jets zone.
14:59 of 3rd period - Wrist shot by Jamie Benn.
14:59 of 3rd period - Stopped by Jake Allen without a rebound.
15:00 of 3rd period - Pius Suter wins face-off versus Ryan Getzlaf in Winnipeg Jets zone.
15:09 of 3rd period - Snap shot by Damon Severson.
15:09 of 3rd period - Deflect By Jakub Voracek.
15:09 of 3rd period - Stopped by Jake Allen without a rebound.
15:10 of 3rd period - Ryan Getzlaf wins face-off versus Nick Suzuki in Winnipeg Jets zone.
15:11 of 3rd period - Wrist shot by Brock Boeser.
15:11 of 3rd period - Shot Blocked by Andrew Copp.
15:35 of 3rd period - Snap shot by Brock Boeser.
15:35 of 3rd period - Stopped by Jake Allen with a rebound.
15:37 of 3rd period - Snap shot by Ryan Getzlaf.
15:37 of 3rd period - Deflect By Jakub Voracek.
15:37 of 3rd period - Shot Blocked by Andrew Copp.
15:37 of 3rd period - Puck is out of play.
15:38 of 3rd period - Andrew Cogliano wins face-off versus Boone Jenner in Winnipeg Jets zone.
15:45 of 3rd period - Snap shot by Pius Suter.
15:45 of 3rd period - Shot Misses the Net.
16:30 of 3rd period - Penalty to Jacob Trouba is over, Jacob Trouba is back on ice.
18:06 of 3rd period - Wrist shot by Aaron Ekblad.
18:06 of 3rd period - Deflect By Andrew Cogliano.
18:06 of 3rd period - Shot Misses the Net.
18:06 of 3rd period - Puck is out of play.
18:07 of 3rd period - Boone Jenner wins face-off versus Pius Suter in Edmonton Oilers zone.
19:06 of 3rd period - Winnipeg Jets, Jake Allen is pulled from the net.
19:06 of 3rd period - Snap shot by Ryan Nugent-Hopkins.
19:06 of 3rd period - Shot Blocked by Mikael Backlund.
19:22 of 3rd period - Snap shot by Ryan Nugent-Hopkins.
19:22 of 3rd period - Stopped by Juuse Saros with a rebound.
19:38 of 3rd period - Snap shot by Connor McDavid.
19:38 of 3rd period - Shot Misses the Net.
19:40 of 3rd period - Slapshot by John Klingberg.
19:40 of 3rd period - Shot Misses the Net.
19:42 of 3rd period - Slapshot by Kevin Shattenkirk.
19:42 of 3rd period - Shot Misses the Net.
19:44 of 3rd period - Backhand shot by John Klingberg.
19:44 of 3rd period - Stopped by Juuse Saros with a rebound.
19:46 of 3rd period - Slapshot by Tyler Toffoli.
19:46 of 3rd period - Stopped by Juuse Saros with a rebound.
19:50 of 3rd period - Snap shot by Connor McDavid.
19:50 of 3rd period - Stopped by Juuse Saros without a rebound.
19:51 of 3rd period - Barry Trotz call a timeout for Winnipeg Jets.
19:51 of 3rd period - Boone Jenner wins face-off versus Connor McDavid in Edmonton Oilers zone.
19:57 of 3rd period - Off-side.
19:58 of 3rd period - Connor McDavid wins face-off versus Boone Jenner in neutral zone.
Goals for this period are 1 for Edmonton Oilers vs 0 for Winnipeg Jets.
Shots for this period are 14 for Edmonton Oilers vs 18 for Winnipeg Jets.
Back to the Top